| TOP OF THE 1ST |
|
Greenville Drive batting - Pitching for Cedar Rapids Kernels : RHP Chad Casey
|
|
Pitching: RHP Chad Casey
|
|
|
Batting: LHB Sergio Tinoco
|
0-0: Ball 1-0: Called Strike 1-1: Ball 2-1: Foul Ball, location: 2F 2-2: Ball 3-2: Fly out, F3 (Line Drive, 3, EV 70.0 MPH)
|
|
Batting: LHB Jarrett Mordecai
|
0-0: Called Strike 0-1: Ball 1-1: Called Strike 1-2: Foul Ball, location: 2F 1-2: Strikes out swinging
|
|
Batting: RHB Devon Fourcade
|
0-0: Called Strike 0-1: Ground out 5-3 (Groundball, 56S, EV 70.6 MPH)
|
| Top of the 1st over - 0 runs, 0 hits, 0 errors, 0 left on base; Greenville 0 - Cedar Rapids 0 |
| BOTTOM OF THE 1ST |
|
Cedar Rapids Kernels batting - Pitching for Greenville Drive : RHP Guillermo de Leon
|
|
Pitching: RHP Guillermo de Leon
|
|
|
Batting: LHB Jim Pankratz
|
0-0: Ball 1-0: Fly out, F8 (Flyball, 78M, EV 83.1 MPH)
|
|
Batting: SHB Shohei Fujii
|
0-0: Fly out, F8 (Flyball, 8LM, EV 81.9 MPH)
|
|
Batting: RHB Matt Dunn
|
0-0: Ball 1-0: SINGLE (Line Drive, 9S, EV 88.8 MPH)
|
|
Batting: LHB Israel Montoya
|
0-0: Ball Matt Dunn is caught stealing 2nd base 2-6
|
| Bottom of the 1st over - 0 runs, 1 hit, 0 errors, 0 left on base; Greenville 0 - Cedar Rapids 0 |
| TOP OF THE 2ND |
|
Greenville Drive batting - Pitching for Cedar Rapids Kernels : RHP Chad Casey
|
|
Batting: RHB Mike Cavagnaro
|
0-0: Swinging Strike 0-1: Ball 1-1: Ball 2-1: Ball 3-1: Fly out, F8 (Flyball, 8RS, EV 88.8 MPH)
|
|
Batting: RHB Tommy Boudreaux
|
0-0: TRIPLE (Line Drive, 89XD, EV 107.5 MPH)
|
|
Batting: RHB John Chiesa
|
0-0: Ball 1-0: Ball 2-0: Foul Ball, location: 2F 2-1: Foul Ball, location: 2F 2-2: Strikes out swinging
|
|
Batting: RHB Adugna Chandu
|
0-0: Ball 1-0: Ball 2-0: Ground out 3-1 (Groundball, 34, EV 96.2 MPH)
|
| Top of the 2nd over - 0 runs, 1 hit, 0 errors, 1 left on base; Greenville 0 - Cedar Rapids 0 |
| BOTTOM OF THE 2ND |
|
Cedar Rapids Kernels batting - Pitching for Greenville Drive : RHP Guillermo de Leon
|
|
Batting: LHB Israel Montoya
|
0-0: Ground out 4-3 (Groundball, 4, EV 82.5 MPH)
|
|
Batting: RHB Mike Craver
|
0-0: Foul Ball, location: 2F 0-1: Ball 1-1: Swinging Strike 1-2: Strikes out swinging
|
|
Batting: LHB Mike Handrahan
|
0-0: Foul Ball, location: 2F 0-1: Ball 1-1: Ball 2-1: SINGLE (Line Drive, 6D, EV 95.6 MPH)
|
|
Batting: RHB Brian Gustus
|
0-0: Ball 1-0: Ball 2-0: Ball 3-0: Called Strike 3-1: Fielders Choice at 2nd, U4 (Groundball, 4M, EV 106.9 MPH)
|
| Bottom of the 2nd over - 0 runs, 1 hit, 0 errors, 1 left on base; Greenville 0 - Cedar Rapids 0 |
| TOP OF THE 3RD |
|
Greenville Drive batting - Pitching for Cedar Rapids Kernels : RHP Chad Casey
|
|
Batting: RHB Paul Long
|
0-0: SINGLE (Groundball, 6MD, EV 96.2 MPH)
|
|
Batting: RHB Erik Nunez
|
0-0: Ball 1-0: Grounds out, U3 (Groundball, 3L, EV 101.9 MPH)
|
|
Batting: LHB Sergio Tinoco
|
0-0: Called Strike 0-1: Swinging Strike 0-2: Fly out, F7 (Flyball, 78D, EV 110.6 MPH)
|
|
Batting: LHB Jarrett Mordecai
|
0-0: Ball 1-0: Ball 2-0: Ball 3-0: Base on Balls
|
|
Batting: RHB Devon Fourcade
|
0-0: Ball 1-0: Ball 2-0: Called Strike 2-1: Ball 3-1: Foul Ball, location: 2F 3-2: SINGLE (Line Drive, 8LS, EV 87.5 MPH) Paul Long to third Jarrett Mordecai to second Paul Long scores Jarrett Mordecai to third
|
|
Batting: RHB Mike Cavagnaro
|
0-0: Ball 1-0: Foul Ball, location: 2F 1-1: Foul Ball, location: 2F 1-2: Ball 2-2: Foul Ball, location: 2F 2-2: Foul Ball, location: 2F 2-2: Fly out, F3 (Popup, 3SF, EV 86.9 MPH)
|
| Top of the 3rd over - 1 run, 2 hits, 0 errors, 2 left on base; Greenville 1 - Cedar Rapids 0 |
| BOTTOM OF THE 3RD |
|
Cedar Rapids Kernels batting - Pitching for Greenville Drive : RHP Guillermo de Leon
|
|
Batting: SHB Duri Chilemba
|
0-0: Ball 1-0: Called Strike 1-1: Ball 2-1: SINGLE (Flyball, 56D, EV 94.4 MPH)
|
|
Batting: RHB Jake Wirthlin
|
0-0: Called Strike 0-1: Foul Ball, location: 2F 0-2: Strikes out looking
|
|
Batting: LHB Jim Pankratz
|
0-0: Swinging Strike 0-1: Ball 1-1: Foul Ball, location: 2F 1-2: Ball 2-2: Ball 3-2: DOUBLE (Line Drive, 7LM, EV 108.1 MPH) Duri Chilemba to third Duri Chilemba scores
|
|
Batting: SHB Shohei Fujii
|
0-0: Ball 1-0: Called Strike 1-1: SINGLE (Line Drive, 78M, EV 90.6 MPH) Jim Pankratz to third Runner from 3rd tries for Home, SAFE, throw by CF to home
|
|
Batting: RHB Matt Dunn
|
0-0: Ball 1-0: Called Strike 1-1: Foul Ball, location: 2F 1-2: Ball 2-2: Foul Ball, location: 2F 2-2: Foul Ball, location: 2F 2-2: Ball 3-2: Foul Ball, location: 2F 3-2: Base on Balls Shohei Fujii to second
|
|
Batting: LHB Israel Montoya
|
0-0: Called Strike 0-1: Called Strike Shohei Fujii is caught stealing 3rd base 2-5 Matt Dunn to second 0-2: Ball 1-2: Ball 2-2: Foul Ball, location: 2F 2-2: Foul Ball, location: 2F 2-2: Strikes out swinging
|
| Bottom of the 3rd over - 2 runs, 3 hits, 0 errors, 1 left on base; Greenville 1 - Cedar Rapids 2 |
| TOP OF THE 4TH |
|
Greenville Drive batting - Pitching for Cedar Rapids Kernels : RHP Chad Casey
|
|
Batting: RHB Tommy Boudreaux
|
0-0: Ground out 4-3 (Groundball, 4, EV 80.6 MPH)
|
|
Batting: RHB John Chiesa
|
0-0: Called Strike 0-1: Foul Ball, location: 2F 0-2: Fly out, F9 (Flyball, 9LM, EV 87.5 MPH)
|
|
Batting: RHB Adugna Chandu
|
0-0: Foul Ball, location: 2F 0-1: Ball 1-1: Foul Ball, location: 2F 1-2: Ball 2-2: Foul Ball, location: 2F 2-2: Foul Ball, location: 2F 2-2: Ball 3-2: Base on Balls
|
|
Batting: RHB Paul Long
|
0-0: Foul Ball, location: 2F 0-1: SINGLE (Groundball, 56D, EV 96.2 MPH) Adugna Chandu to second
|
|
Batting: RHB Erik Nunez
|
0-0: Ball 1-0: Ball 2-0: Ball 3-0: Base on Balls Adugna Chandu to third Paul Long to second
|
|
Batting: LHB Sergio Tinoco
|
0-0: Ball 1-0: Foul Ball, location: 2F 1-1: Foul Ball, location: 2F 1-2: Strikes out swinging
|
| Top of the 4th over - 0 runs, 1 hit, 0 errors, 3 left on base; Greenville 1 - Cedar Rapids 2 |
| BOTTOM OF THE 4TH |
|
Cedar Rapids Kernels batting - Pitching for Greenville Drive : RHP Guillermo de Leon
|
|
Batting: RHB Mike Craver
|
0-0: Called Strike 0-1: Ball 1-1: Ball 2-1: Called Strike 2-2: Foul Ball, location: 2F 2-2: Foul Ball, location: 2F 2-2: Foul Ball, location: 2F 2-2: SINGLE (Groundball, 6D, EV 96.9 MPH)
|
|
Batting: LHB Mike Handrahan
|
0-0: Called Strike Mike Craver steals 2nd base 0-1: Ball 1-1: Called Strike 1-2: Foul Ball, location: 2F 1-2: Foul Ball, location: 2F 1-2: Foul Ball, location: 2F 1-2: Ball 2-2: Ball 3-2: Foul Ball, location: 2F 3-2: Fly out, F8 (Flyball, 78XD, EV 103.1 MPH) Runner from 2nd tags up, SAFE at 3rd, no throw by CF
|
|
Batting: RHB Brian Gustus
|
0-0: Fly out, F9 (Flyball, 89S, EV 76.9 MPH)
|
|
Batting: SHB Duri Chilemba
|
0-0: Called Strike 0-1: Ball 1-1: Foul Ball, location: 2F 1-2: Strikes out looking
|
| Bottom of the 4th over - 0 runs, 1 hit, 0 errors, 1 left on base; Greenville 1 - Cedar Rapids 2 |
| TOP OF THE 5TH |
|
Greenville Drive batting - Pitching for Cedar Rapids Kernels : RHP Chad Casey
|
|
Batting: LHB Jarrett Mordecai
|
0-0: Called Strike 0-1: Ball 1-1: Called Strike 1-2: Strikes out swinging
|
|
Batting: RHB Devon Fourcade
|
0-0: Ball 1-0: Ball 2-0: Ball 3-0: Swinging Strike 3-1: Swinging Strike 3-2: Strikes out swinging
|
|
Batting: RHB Mike Cavagnaro
|
0-0: Called Strike 0-1: Ball 1-1: Swinging Strike 1-2: Ground out 6-3 (Groundball, 56, EV 90.0 MPH)
|
| Top of the 5th over - 0 runs, 0 hits, 0 errors, 0 left on base; Greenville 1 - Cedar Rapids 2 |
| BOTTOM OF THE 5TH |
|
Cedar Rapids Kernels batting - Pitching for Greenville Drive : RHP Guillermo de Leon
|
|
Batting: RHB Jake Wirthlin
|
0-0: Ball 1-0: Ground out 5-3 (Groundball, 56S, EV 90.6 MPH)
|
|
Batting: LHB Jim Pankratz
|
0-0: Ball 1-0: Ball 2-0: Called Strike 2-1: Called Strike 2-2: Foul Ball, location: 2F 2-2: Ball 3-2: Base on Balls
|
|
Batting: SHB Shohei Fujii
|
0-0: Ball Jim Pankratz is caught stealing 2nd base 2-6 1-0: Foul Ball, location: 2F 1-1: Called Strike 1-2: Strikes out swinging
|
| Bottom of the 5th over - 0 runs, 0 hits, 0 errors, 0 left on base; Greenville 1 - Cedar Rapids 2 |
| TOP OF THE 6TH |
|
Greenville Drive batting - Pitching for Cedar Rapids Kernels : RHP Chad Casey
|
|
Pitching: RHP Andy Symons
|
|
|
Batting: RHB Tommy Boudreaux
|
0-0: Called Strike 0-1: Swinging Strike 0-2: Ball 1-2: Strikes out swinging
|
|
Batting: RHB John Chiesa
|
0-0: Ball 1-0: Ground out 5-3 (Groundball, 56S, EV 68.8 MPH)
|
|
Batting: RHB Adugna Chandu
|
0-0: Ball 1-0: Foul Ball, location: 2F 1-1: Ball 2-1: Ball 3-1: Base on Balls
|
|
Batting: RHB Paul Long
|
0-0: Ball 1-0: Foul Ball, location: 2F 1-1: Ball 2-1: Swinging Strike 2-2: Ball 3-2: Foul Ball, location: 2F 3-2: Base on Balls Adugna Chandu to second
|
|
Batting: RHB Erik Nunez
|
0-0: Called Strike 0-1: Ball 1-1: Foul Ball, location: 2F 1-2: Strikes out swinging
|
| Top of the 6th over - 0 runs, 0 hits, 0 errors, 2 left on base; Greenville 1 - Cedar Rapids 2 |
| BOTTOM OF THE 6TH |
|
Cedar Rapids Kernels batting - Pitching for Greenville Drive : RHP Guillermo de Leon
|
|
Batting: RHB Matt Dunn
|
0-0: Called Strike 0-1: Swinging Strike 0-2: Ball 1-2: Foul Ball, location: 2F 1-2: Ball 2-2: Ball 3-2: Fly out, F1 (Line Drive, P, EV 75.0 MPH)
|
|
Batting: LHB Israel Montoya
|
0-0: Called Strike 0-1: Ball 1-1: Ball 2-1: Foul Ball, location: 2F 2-2: Foul Ball, location: 2F 2-2: Ball 3-2: Foul Ball, location: 2F 3-2: Base on Balls
|
|
Pitching: LHP Jason Kell
|
|
|
Batting: RHB Mike Craver
|
0-0: Ball 1-0: Called Strike 1-1: Ball 2-1: Called Strike 2-2: Fielders Choice at 2nd, 1-4 (Groundball, 15S, EV 62.5 MPH)
|
|
Batting: LHB Mike Handrahan
|
0-0: Called Strike 0-1: Foul Ball, location: 2F 0-2: Foul Ball, location: 2F 0-2: Foul Ball, location: 2F 0-2: Ball Mike Craver is caught stealing 2nd base 2-6
|
| Bottom of the 6th over - 0 runs, 0 hits, 0 errors, 0 left on base; Greenville 1 - Cedar Rapids 2 |
| TOP OF THE 7TH |
|
Greenville Drive batting - Pitching for Cedar Rapids Kernels : RHP Andy Symons
|
|
Batting: LHB Sergio Tinoco
|
0-0: Ball 1-0: Foul Ball, location: 2F 1-1: Ground out 6-3 (Groundball, 6, EV 89.4 MPH)
|
|
Batting: LHB Jarrett Mordecai
|
0-0: Foul Ball, location: 2F 0-1: Called Strike 0-2: Ball 1-2: Ball 2-2: Strikes out looking
|
|
Batting: RHB Devon Fourcade
|
0-0: Foul Ball, location: 2F 0-1: Ball 1-1: Called Strike 1-2: Strikes out swinging
|
| Top of the 7th over - 0 runs, 0 hits, 0 errors, 0 left on base; Greenville 1 - Cedar Rapids 2 |
| BOTTOM OF THE 7TH |
|
Cedar Rapids Kernels batting - Pitching for Greenville Drive : LHP Jason Kell
|
|
Batting: LHB Mike Handrahan
|
0-0: Ball 1-0: Foul Ball, location: 2F 1-1: Ball 2-1: Ground out U3 (Groundball, 34, EV 91.2 MPH)
|
|
Batting: RHB Brian Gustus
|
0-0: Ground out 3-1 (Groundball, 34, EV 77.5 MPH)
|
|
Batting: SHB Duri Chilemba
|
0-0: Called Strike 0-1: Ball 1-1: Hit by Pitch
|
|
Batting: RHB Jake Wirthlin
|
0-0: Ball 1-0: Called Strike 1-1: Foul Ball, location: 2F 1-2: Ball 2-2: Ball 3-2: SINGLE (Groundball, 34, EV 95.6 MPH) Duri Chilemba to second Duri Chilemba to third
|
|
Batting: LHB Jim Pankratz
|
0-0: Called Strike 0-1: Ball 1-1: Ground out 4-3 (Groundball, 4, EV 105.6 MPH)
|
| Bottom of the 7th over - 0 runs, 1 hit, 0 errors, 2 left on base; Greenville 1 - Cedar Rapids 2 |
| TOP OF THE 8TH |
|
Greenville Drive batting - Pitching for Cedar Rapids Kernels : RHP Andy Symons
|
|
Pitching: LHP Mark Challinor
|
|
|
Batting: RHB Mike Cavagnaro
|
0-0: Ball 1-0: SINGLE (Line Drive, 89S, EV 95.6 MPH)
|
|
Batting: RHB Tommy Boudreaux
|
0-0: Swinging Strike 0-1: Fly out, F7 (Flyball, 78S, EV 81.2 MPH)
|
|
Batting: RHB John Chiesa
|
0-0: Swinging Strike 0-1: Foul Ball, location: 2F 0-2: Grounds into double play, 6-4-3 (Groundball, 6, EV 86.2 MPH)
|
| Top of the 8th over - 0 runs, 1 hit, 0 errors, 0 left on base; Greenville 1 - Cedar Rapids 2 |
| BOTTOM OF THE 8TH |
|
Cedar Rapids Kernels batting - Pitching for Greenville Drive : LHP Jason Kell
|
|
Pitching: RHP Tyler Carriger
|
|
|
Batting: SHB Shohei Fujii
|
0-0: SOLO HOME RUN (Line Drive, 9D, EV 100.6 MPH), Distance : 389 ft
|
|
Batting: RHB Matt Dunn
|
0-0: Ball 1-0: Ball 2-0: Called Strike 2-1: Called Strike 2-2: Strikes out looking
|
|
Batting: LHB Israel Montoya
|
0-0: Called Strike 0-1: Ball 1-1: Ball 2-1: DOUBLE (Flyball, 5D, EV 97.5 MPH)
|
|
Batting: RHB Mike Craver
|
0-0: Called Strike Israel Montoya steals 3rd base 0-1: Ball 1-1: Ground out 5-3 (Groundball, 56S, EV 88.8 MPH) Israel Montoya scores
|
|
Batting: LHB Mike Handrahan
|
0-0: Ball 1-0: Ball 2-0: Swinging Strike 2-1: SINGLE (Groundball, 6D, EV 108.1 MPH)
|
|
Batting: RHB Brian Gustus
|
0-0: Foul Ball, location: 2F 0-1: Ground out U3 (Groundball, 34S, EV 86.2 MPH)
|
| Bottom of the 8th over - 2 runs, 3 hits, 0 errors, 1 left on base; Greenville 1 - Cedar Rapids 4 |
| TOP OF THE 9TH |
|
Greenville Drive batting - Pitching for Cedar Rapids Kernels : LHP Mark Challinor
|
|
Batting: RHB Adugna Chandu
|
0-0: Called Strike 0-1: Swinging Strike 0-2: Strikes out swinging, 2-3 out at first.
|
|
Batting: RHB Paul Long
|
0-0: Fly out, F8 (Flyball, 78M, EV 94.4 MPH)
|
|
Batting: RHB Erik Nunez
|
0-0: Swinging Strike 0-1: Swinging Strike 0-2: Ball 1-2: Ball 2-2: SINGLE (Groundball, 4MD, EV 96.2 MPH)
|
|
Batting: LHB Sergio Tinoco
|
0-0: Ball 1-0: Foul Ball, location: 2F 1-1: Fly out, F7 (Line Drive, 7, EV 109.4 MPH)
|
| Top of the 9th over - 0 runs, 1 hit, 0 errors, 1 left on base; Greenville 1 - Cedar Rapids 4 |
|